 Dungeon Crawl Stone Soup version 0.27-a0-1545-g3eddc1d3d3 (webtiles) character file.

Game seed: 12884804755920126012

49987 HAL9000 the Unseen (level 14, -9/70 HPs)
             Began as a Vine Stalker Brigand on July 13, 2021.
             Was a High Priest of Dithmenos.
             Mangled by a dire elephant simulacrum (13 damage)
             ... animated by a necromancer
             ... on level 6 of the Lair of Beasts.
             The game lasted 00:39:30 (15075 turns).

HAL9000 the Unseen (Vine Stalker Brigand)          Turns: 15075, Time: 00:39:30

Health: -9/70      AC: 15    Str: 22    XL:     14   Next: 53%
Magic:  0/16       EV: 11    Int: 14    God:    Dithmenos [*****.]
Gold:   1058       SH:  6    Dex: 22    Spells: 6/13 levels left

rFire    . . .     SeeInvis .   w - +8 arc blade {discharge, rElec}
rCold    . . .     Faith    .   J - +0 buckler
rNeg     . . .     Spirit   +   N - +1 troll leather armour
rPois    .         Reflect  .   T - +2 helmet
rElec    +         Harm     .   c - +0 cloak
rCorr    .         Rampage  .   i - +2 pair of gloves
Will     +....                  Y - +0 pair of boots Stlth *+++++++++
                                (no amulet)
HPRegen  2.21/turn              e - +6 ring of strength
MPRegen  0.15/turn              p - +6 ring of dexterity

@: wreathed by umbra
A: fangs 3, regeneration 1, magic shield, antimagic bite, no potion heal 2
a: Renounce Religion, Shadow Step, Shadow Form


You were on level 6 of the Lair of Beasts.
You worshipped Dithmenos.
Dithmenos was extremely pleased with you.
You visited 2 branches of the dungeon, and saw 16 of its levels.

You collected 1058 gold pieces.

Inventory:

Hand Weapons
 a - the +5 quick blade "Transmigrator" {freeze, rN+ Int-5 SInv}
   (You acquired it on level 5 of the Dungeon)

   It has been specially enchanted to freeze those struck by it, causing extra
   injury to most foes and up to half again as much damage against particularly
   susceptible opponents.
   It can also slow down cold-blooded creatures.
   Int:       It affects your intelligence (-5).
   rN:        It protects you from negative energy.
   SInv:      It lets you see invisible.
 w - the +8 arc blade (weapon) {discharge, rElec}
   (You acquired it on level 5 of the Dungeon)

   rElec:     It insulates you from electricity.
Missiles
 d - 43 poisoned darts (quivered)
 y - 2 curare-tipped darts
 E - 8 boomerangs
 F - 6 javelins
 G - 3 atropa-tipped darts
 I - a throwing net
 K - 6 silver boomerangs
Armour
 c - a +0 cloak (worn)
 i - a +2 pair of gloves (worn)
 B - +0 steam dragon scales
 D - a +2 kite shield
 J - a +0 buckler (worn)
 N - a +1 troll leather armour (worn)
 T - a +2 helmet (worn)
 Y - a +0 pair of boots (worn)
Jewellery
 e - a +6 ring of strength (left hand)
 k - a ring of flight
 p - a +6 ring of dexterity (right hand)
 P - a +6 ring of intelligence
 U - the ring of Jealousy {Fire Fly rElec SInv}
   (You found it on level 6 of the Lair of Beasts)

   [ring of fire]

   It enhances your fire magic.
   rF:        It protects you from fire.
   rC:        It makes you vulnerable to cold.
   rElec:     It insulates you from electricity.
   SInv:      It lets you see invisible.
   Fly:       It grants you flight.
Wands
 b - a wand of digging (4)
 v - a wand of flame (25)
 C - a wand of iceblast (16)
 L - a wand of acid (3)
 Z - a wand of polymorph (8)
Scrolls
 h - 4 scrolls of summoning
 l - 3 scrolls of enchant armour
 n - a scroll of brand weapon
 o - a scroll of fear
 q - 2 scrolls of blinking {unknown}
 r - 9 scrolls of teleportation
 s - 3 scrolls of amnesia
 u - a scroll of holy word {unknown}
 x - 2 scrolls of fog
 M - 2 scrolls of vulnerability {unknown}
 O - 2 scrolls of enchant weapon
 Q - 2 scrolls of magic mapping {unknown}
Potions
 f - 2 potions of attraction
 g - 3 potions of might
 j - 3 potions of brilliance
 m - a potion of curing
 t - a potion of haste
 z - 4 potions of mutation
 A - a potion of resistance
 H - a potion of flight
 R - a potion of invisibility {unknown}
 S - a potion of ambrosia
 V - a potion of cancellation {unknown}
 W - a potion of lignification
 X - a potion of magic


   Skills:
 - Level 6.6 Fighting
 - Level 14.0 Short Blades
 - Level 4.2 Throwing
 - Level 7.0 Armour
 - Level 0.7 Dodging
 - Level 16.7 Stealth
 - Level 5.6 Shields
 - Level 5.6 Hexes
 - Level 5.0 Translocations
 + Level 8.2 Air Magic
 - Level 1.8 Invocations


You had 6 spell levels left.
You knew the following spells:

 Your Spells              Type           Power      Damage    Failure   Level
a - Swiftness             Air            23%        N/A       3%          3
b - Blink                 Tloc           N/A        N/A       6%          2
c - Ensorcelled Hibernat  Hex/Ice        14%        N/A       16%         2

Your spell library contained the following spells:

 Spells                   Type           Power      Damage    Failure   Level
 Shock                    Conj/Air       44%        1d5       6%          1
 Poisonous Vapours        Pois/Air       22%        N/A       9%          2
 Airstrike                Air            11%        N/A       11%         4
 Lesser Beckoning         Tloc           7%         N/A       12%         3
 Summon Guardian Golem    Hex/Summ       7%         N/A       30%         3
 Magic Dart               Conj           0%         1d3       32%         1
 Sting                    Tmut/Pois      0%         1d3       32%         1
 Summon Small Mammal      Summ           0%         N/A       32%         1
 Searing Ray              Conj           0%         3d3       43%         2
 Call Canine Familiar     Summ           0%         N/A       67%         3
 Spider Form              Tmut/Pois      0%         N/A       67%         3
 Stone Arrow              Conj/Erth      0%         3d7       67%         3
 Fulminant Prism          Conj/Hex       3%         3d6       71%         4
 Manifold Assault         Tloc           14%        N/A       75%         5
 Summon Mana Viper        Hex/Summ       7%         N/A       96%         5
 Animate Armour           Summ/Erth      0%         N/A       97%         4
 Animate Dead             Necr           0%         N/A       97%         4
 Olgreb's Toxic Radiance  Pois           0%         N/A       97%         4
 Summon Forest            Summ/Tloc      3%         N/A       97%         5
 Alistair's Intoxication  Tmut/Pois      0%         N/A       100%        5
 Borgnjor's Vile Clutch   Necr/Erth      0%         N/A       100%        5
 Eringya's Noxious Bog    Tmut/Pois      0%         N/A       100%        6
 Shadow Creatures         Summ           N/A        N/A       100%        6
 Haunt                    Necr/Summ      0%         N/A       100%        7
 Orb of Destruction       Conj           0%         N/A       100%        7
 Spellforged Servitor     Conj/Summ      0%         N/A       100%        7
 Borgnjor's Revivificati  Necr           0%         N/A       100%        8
 Infestation              Necr           0%         N/A       100%        8
 Lehudib's Crystal Spear  Conj/Erth      0%         10d2      100%        8
 Necromutation            Tmut/Necr      0%         N/A       100%        8
 Death's Door             Necr           0%         N/A       100%        9


Dungeon Overview and Level Annotations

Branches:
Dungeon (10/15)            Temple (0/1) D:5            Lair (6/6) D:9
 Shoals (0/4) Lair:3       Spider (0/4) Lair:4        Slime (0/5) Lair:6
    Orc: D:9-12

Altars:
Cheibriados
Dithmenos
Fedhas
Gozag
Hepliaklqana
Kikubaaqudgha
Makhleb
Nemelex Xobeh
Okawaru
Qazlal
Sif Muna
Uskayaw
Wu Jian
Xom
Yredelemnul
Zin

Annotations:
Lair:1 1 runed translucent door, Lemonice's ghost, journeyman MfIE
Lair:6 exclusion: 3 oklob plants


Innate Abilities, Weirdness & Mutations

You have razor-sharp teeth.
Your natural rate of healing is unusually fast.
When hurt, damage is shared between your health and your magic reserves.
Your bite disrupts and absorbs the magic of your enemies.
Potions cannot restore your health.


Message History

The dire elephant simulacrum is struck by an arc of lightning.
The dire elephant simulacrum is heavily damaged.
The necromancer is struck by an arc of lightning!
The necromancer is moderately wounded.
The lightning grounds out.
The necromancer is struck by an arc of lightning!!
The necromancer is almost dead.
The dire elephant simulacrum is struck by an arc of lightning!
The dire elephant simulacrum is severely damaged.
The necromancer is struck by an arc of lightning.
The necromancer is almost dead.
You resist.
You are struck by an arc of lightning.
The dire elephant simulacrum is struck by an arc of lightning.
The dire elephant simulacrum is severely damaged.
The lightning grounds out.
You bite the dire elephant simulacrum! You drain its power.
You feel invigorated.
The dire elephant simulacrum is almost destroyed.
The necromancer casts a spell.
The necromancer binds the souls of nearby monsters.
The dire elephant simulacrum tramples you!
* * * LOW HITPOINT WARNING * * *
The dire elephant simulacrum freezes you!!
* * * LOW HITPOINT WARNING * * *
The dire elephant simulacrum completely misses you.
Okay, then.
Unknown command.
Okay, then.
Press: ? - help, v - describe, . - travel
Here: a dire elephant simulacrum (black smoke, almost destroyed, umbra)
The floor.
As you read the scroll of fear, it crumbles to dust.
You assume a fearsome visage.
The dire elephant simulacrum is unaffected. x2
The necromancer looks frightened!
The necromancer casts a spell.
The necromancer flickers and vanishes!
Deactivating autopickup; reactivate with Ctrl-A.
You closely miss something. Your bite misses something.
The dire elephant simulacrum tramples you!
You die...

###P.'..#.##♣.....# #
##.'§§#..#♣....## #
###§§##.##...## #
#§p.#.###P..# #
#8§8#P†.#♣.P# ##
##'####.##..# #. #..
#§Z#.## ##. ..p≈ ##{#.##
#P. ≈Y≈≈≈ #@#.P# ##.
#≈≈≈≈≈.#Z#..# ##.
##≈≈≈.##§#..# ###..
#''####.#..# ##..P.
8.Z8##8.#..# ###P....
...Y#8..'..# ####.......
...Y#P⌠.'..###.#........
.(|.#8P.'...#...........
8|[8##8.#..##.#.........


You could see 2 dire elephant simulacra.

Vanquished Creatures
  2 dire elephants (Lair:6)
  8 hydras
  A spectral dire elephant (Lair:6)
  A spectral anaconda (Lair:6)
  2 necromancers (Lair:6)
  A manticore (Lair:3)
  27 elephants
  5 torpor snails
  Joseph (D:9)
  7 black mambas
  Maggie (Lair:2)
  2 dire elephant skeletons (Lair:6)
  15 cane toads
  4 rime drakes
  12 komodo dragons
  A wind drake (Lair:3)
  3 polar bears
  A troll (D:9)
  3 jumping spiders (Lair:4)
  11 blink frogs
  Sigmund (D:4)
  5 wyverns
  A redback (Lair:4)
  8 basilisks
  17 yaks
  Eustachio (D:5)
  4 spectral cane toads (Lair:6)
  Menkaure (D:7)
  An acid dragon (D:9)
  11 water moccasins
  An orc warrior (D:9)
  2 sky beasts (D:7)
  2 black bears
  An ogre (D:6)
  An elephant zombie (Lair:6)
  2 necrophages
  36 wolves
  An elephant skeleton (Lair:6)
  2 centaurs (D:6)
  4 kobold brigands
  11 bullfrogs
  2 scorpions
  3 gnoll sergeants
  2 cane toad simulacra (Lair:6)
  A wyvern zombie (D:6)
  A wyvern skeleton (D:5)
  3 elephant simulacra (Lair:6)
  6 killer bees
  2 electric eels (Lair:4)
  12 wights
  5 howler monkeys
  2 centaur zombies
  2 hounds
  2 centaur skeletons (D:7)
  3 orc priests
  8 iguanas
  4 orc wizards
  A scorpion zombie (D:5)
  6 hell rats (Lair:2)
  A howler monkey zombie (D:9)
  A howler monkey skeleton (D:6)
  8 adders
  19 gnolls
  3 white imps
  An ufetubus (D:5)
  A dart slug (D:4)
  2 worms (D:2)
  26 orcs
  4 ball pythons
  5 bats
  5 endoplasms
  2 giant cockroaches
  5 goblins
  9 hobgoblins
  4 jackals
  16 kobolds
  6 quokkas
  2 frilled lizards (D:2)
  7 rats
413 creatures vanquished.

Vanquished Creatures (collateral kills)
  An orc priest (D:8)
  An orc (D:8)
2 creatures vanquished.

Vanquished Creatures (others)
  18 fungi
  45 plants
  12 withered plants (Lair:6)
75 creatures vanquished.

Grand Total: 490 creatures vanquished

Notes
Turn   | Place    | Note
-------+----------+-------------------------------------------
     0 | D:1      | HAL9000 the Vine Stalker Brigand began the quest for the
                  | Orb.
     0 | D:1      | Reached XP level 1. HP: 11/11 MP: 2/2
    38 | D:1      | Reached skill level 5 in Stealth
   182 | D:1      | Found a faded altar of an unknown god.
   361 | D:1      | Reached XP level 2. HP: 15/15 MP: 3/3
  1272 | D:2      | Noticed a scorpion
  1276 | D:2      | Killed a scorpion
  1277 | D:2      | Reached skill level 7 in Stealth
  1277 | D:2      | Reached XP level 3. HP: 18/18 MP: 4/4
  1277 | D:2      | Gained mutation: Your natural rate of healing is unusually
                  | fast. [Vine Stalker growth]
  1277 | D:2      | Reached XP level 4. HP: 23/23 MP: 5/5
  1724 | D:2      | Reached XP level 5. HP: 21/26 MP: 4/6
  1973 | D:2      | Found a hide-covered altar of Uskayaw.
  2771 | D:3      | Found a basalt altar of Yredelemnul.
  2773 | D:3      | Found an ornate altar of the Wu Jian Council.
  2774 | D:3      | Found an ancient bone altar of Kikubaaqudgha.
  2774 | D:3      | Found a hazy altar of Hepliaklqana.
  2796 | D:3      | Found a shimmering blue altar of Sif Muna.
  2796 | D:3      | Found a shadowy altar of Dithmenos.
  2878 | D:3      | Became a worshipper of Dithmenos the Shadowed
  3146 | D:4      | Noticed Sigmund
  3155 | D:4      | Killed Sigmund
  3156 | D:4      | Reached XP level 6. HP: 30/30 MP: 5/7
  3474 | D:4      | Reached XP level 7. HP: 33/34 MP: 6/8
  3515 | D:4      | Found a shimmering altar of Xom.
  3518 | D:4      | Found an iron altar of Okawaru.
  3849 | D:4      | Reached skill level 5 in Short Blades
  3904 | D:5      | Entered Level 5 of the Dungeon
  3909 | D:5      | Noticed Eustachio
  3913 | D:5      | Identified 3 scrolls of acquirement
  3913 | D:5      | Acquired a manual of Short Blades
  3915 | D:5      | Acquired the +5 quick blade "Transmigrator" {freeze, rN+
                  | Int-5 SInv}
  3935 | D:5      | Killed Eustachio
  3986 | D:5      | Acquired the +8 arc blade {discharge, rElec}
  3987 | D:5      | Found the +8 arc blade {discharge, rElec}
  4026 | D:5      | Found a blossoming altar of Fedhas.
  4170 | D:5      | Found a staircase to the Ecumenical Temple.
  4212 | D:5      | Reached * piety under Dithmenos
  4397 | D:5      | Gained mutation: You have razor-sharp teeth. [Vine Stalker
                  | growth]
  4397 | D:5      | Reached XP level 8. HP: 35/39 MP: 7/9
  4574 | D:6      | Found a stormy altar of Qazlal.
  4588 | D:6      | Found a burning altar of Makhleb.
  4591 | D:6      | Noticed a green death
  4592 | D:6      | Found a glowing silver altar of Zin.
  4593 | D:6      | Noticed an angel
  4732 | D:6      | Learned a level 3 spell: Swiftness
  5182 | D:6      | Reached skill level 1 in Shields
  5618 | D:7      | Noticed Menkaure
  5623 | D:7      | Killed Menkaure
  5624 | D:7      | Reached XP level 9. HP: 43/43 MP: 10/10
  5669 | D:7      | Reached ** piety under Dithmenos
  5670 | D:7      | Reached skill level 5 in Shields
  6721 | D:7      | Reached skill level 10 in Short Blades
  7194 | D:8      | Reached *** piety under Dithmenos
  7682 | D:9      | Noticed Joseph
  7692 | D:9      | Killed Joseph
  7693 | D:9      | Reached XP level 10. HP: 38/49 MP: 11/11
  7713 | D:9      | Found an opulent altar of Gozag.
  8294 | D:9      | Found a staircase to the Lair.
  8542 | D:10     | Entered Level 10 of the Dungeon
  8570 | D:10     | Reached skill level 8 in Stealth
  8686 | Lair:1   | Entered Level 1 of the Lair of Beasts
  8702 | Lair:1   | Noticed a cane toad
  8710 | Lair:1   | Killed a cane toad
  8736 | Lair:1   | Noticed a cane toad
  8748 | Lair:1   | Reached XP level 11. HP: 51/54 MP: 10/12
  8750 | Lair:1   | Reached skill level 9 in Stealth
  8865 | Lair:1   | Reached skill level 5 in Fighting
  8890 | Lair:1   | Reached skill level 10 in Stealth
  8905 | Lair:1   | Reached **** piety under Dithmenos
  9240 | Lair:1   | Reached skill level 11 in Stealth
  9249 | Lair:1   | Found a runed translucent door.
  9255 | Lair:1   | Noticed Lemonice's ghost (journeyman MfIE)
  9358 | Lair:1   | Noticed an eight-headed hydra
  9363 | Lair:1   | Killed an eight-headed hydra
  9438 | Lair:1   | Learned a level 2 spell: Blink
  9533 | Lair:1   | Learned a level 2 spell: Ensorcelled Hibernation
  9673 | Lair:1   | Identified the +5 trident "Niprac" {pain, Dex+9}
  9808 | Lair:2   | Reached skill level 12 in Stealth
  9831 | Lair:1   | Reached skill level 1 in Hexes
  9948 | Lair:2   | Reached XP level 12. HP: 50/62 MP: 13/13
 10132 | Lair:2   | Noticed a six-headed hydra
 10138 | Lair:2   | Killed a six-headed hydra
 10197 | Lair:2   | Noticed Maggie
 10198 | Lair:2   | Reached skill level 13 in Stealth
 10283 | Lair:2   | Killed Maggie
 10339 | Lair:2   | Noticed an eight-headed hydra
 10349 | Lair:2   | Killed an eight-headed hydra
 10450 | Lair:2   | Noticed an eight-headed hydra
 10457 | Lair:2   | Killed an eight-headed hydra
 10817 | Lair:3   | Reached skill level 5 in Hexes
 10826 | Lair:3   | Reached skill level 14 in Stealth
 10849 | Lair:3   | Noticed a seven-headed hydra
 10859 | Lair:3   | Killed a seven-headed hydra
 11004 | Lair:3   | Reached skill level 1 in Armour
 11109 | Lair:3   | Reached skill level 1 in Invocations
 11213 | Lair:3   | Found a staircase to the Shoals.
 11950 | Lair:4   | Reached skill level 5 in Armour
 11964 | Lair:4   | Reached XP level 13. HP: 66/66 MP: 15/15
 12080 | Lair:4   | Found a hole to the Spider Nest.
 12658 | Lair:4   | Reached skill level 15 in Stealth
 12969 | Lair:5   | Found a sparkling altar of Nemelex Xobeh.
 13829 | Lair:5   | Reached skill level 16 in Stealth
 13983 | Lair:6   | Entered Level 6 of the Lair of Beasts
 14043 | Lair:6   | Reached skill level 1 in Translocations
 14043 | Lair:6   | Reached skill level 1 in Air Magic
 14083 | Lair:6   | Noticed a dire elephant
 14083 | Lair:6   | Noticed a dire elephant
 14083 | Lair:6   | Noticed a dire elephant
 14107 | Lair:6   | Reached ***** piety under Dithmenos
 14218 | Lair:6   | Found a snail-covered altar of Cheibriados.
 14235 | Lair:6   | Reached XP level 14. HP: 70/70 MP: 16/16
 14315 | Lair:6   | Found a staircase to the Slime Pits.
 14629 | Lair:6   | Reached skill level 5 in Translocations
 14629 | Lair:6   | Reached skill level 5 in Air Magic
 14765 | Lair:6   | Identified the ring of Jealousy {Fire Fly rElec SInv}
 15054 | Lair:6   | Killed a dire elephant
 15070 | Lair:6   | Killed a dire elephant
 15073 | Lair:6   | HP: 1/70 [dire elephant simulacrum[a necromancer] (20)]
 15075 | Lair:6   | Mangled by a dire elephant simulacrum

Illustrated notes

Levels and vault maps discovered:
D:1:      sevenhm_arrival_forest_fort_small_6, layout_loops_ring,
          chequers_ecumenical_altar_simple_redux
D:2:      wander_river, layout_basic, basic_altar, minmay_puff
D:3:      layout_basic, grunt_temple_overflow_open, glass_columns_a
D:4:      layout_loops_ring, jmf_multi_god_temple, uniq_sigmund
D:5:      minmay_razor_zed, layout_cave_pools, nicolae_overflow_hidden_temple,
          minmay_temple_entry_sparse_star, uniq_eustachio
D:6:      layout_gridville, grunt_temple_overflow_order_and_chaos_2,
          kennysheep_mini_moat, minmay_misc_feat_ornament, st_stairs_6
D:7:      layout_layer_cave, uniq_menkaure
D:8:      layout_loops_ring
D:9:      layout_gridville, lemuel_doored_altar, erik_lair_dragon,
          nicolae_sextant, uniq_joseph
D:10:     layout_basic, kennysheep_generic_room_5
Lair:1:   minmay_lair_venomous_thicket, layout_cave_pods,
          ebering_ghost_inner_flame, grunt_megastairs_3
Lair:2:   layout_regular_city, chequers_serial_rivers_micro_d, uniq_maggie
Lair:3:   layout_layer_cave, minmay_shoals_entry_beasts, minivault_24,
          eino_small_chamber_without_monster, grunt_megastairs_5
Lair:4:   layout_gridlike, spider_nest_entry_funnel_web,
          nicolae_lair_grove_arrangements, serial_bayou_pond_a,
          grunt_forest_large_clearings, serial_bayou_shore_a, lemuel_fruit_tree
Lair:5:   layout_loops_ring, basic_altar, serial_bayou_lagoon_a,
          infiniplex_staircase_pool_2
Lair:6:   due_jungle_book, layout_cave_pods, minmay_slime_entry_oklob_open,
          kennysheep_snail_temple, lemuel_fruit_fields

Skill      XL: |  1  2  3  4  5  6  7  8  9 10 11 12 13 14 |
---------------+-------------------------------------------+-----
Stealth        | 5 7 8 12 14 16 | 16.7
Short Blades   | 2 4 6 9 12 14 | 14.0
Throwing       | 2 3 4 |  4.2
Fighting       | 2 3 4 6 |  6.6
Shields        | 4 5 |  5.6
Hexes          | 2 5 |  5.6
Armour         | 5 7 |  7.0
Invocations    | 1 |  1.8
Translocations | 3 5 |  5.0
Air Magic      | 3 8 |  8.2
Dodging        | |  0.7

Action                   |  1- 3 |  4- 6 |  7- 9 | 10-12 | 13-15 || total
-------------------------+-------+-------+-------+-------+-------++-------
Melee: Dagger            |    35 |   127 |    23 |       |       ||   185
       Bite              |    11 |    40 |    59 |   105 |   158 ||   373
       Rapier            |       |       |   155 |   288 |   331 ||   774
       Quick blade       |       |       |     9 |       |     6 ||    15
Throw: Dart              |     4 |    37 |     4 |    12 |    18 ||    75
 Cast: Ensorcelled Hiber |       |       |       |     3 |       ||     3
Invok: Shadow Step       |       |       |       |     4 |     1 ||     5
Evoke: Wand              |       |     7 |       |       |       ||     7
  Use: Scroll            |       |       |    11 |     8 |     5 ||    24
 Stab: Sleeping          |     5 |    10 |    29 |    28 |    35 ||   107
       Distracted        |       |       |       |     1 |     2 ||     3
       Invisible         |       |       |       |     1 |       ||     1
Armor: Robe              |     9 |    30 |    27 |     4 |       ||    70
       Troll leather arm |       |       |       |    43 |    97 ||   140
Dodge: Dodged            |    26 |    56 |    60 |    88 |   110 ||   340
Block: Buckler           |       |       |    29 |    57 |    56 ||   142

Table legend: (Time is in decaauts)
 A = Elapsed time spent in this place.
 B = Non-inter-level travel time spent in this place.
 C = Inter-level travel time spent in this place.
 D = Time resting spent in this place.
 E = Time spent auto-exploring this place.
 F = Levels seen in this place.
 G = Mean time per level.
                   A        B        C        D        E       F      G
               +--------+--------+--------+--------+--------+-----+--------+
         Total |  14742 |  13480 |   1262 |    930 |   9935 |  16 |  921.4 |
       Dungeon |   8918 |   8050 |    868 |    711 |   5957 |  10 |  891.8 |
          Lair |   5824 |   5430 |    394 |    219 |   3978 |   6 |  970.7 |
               +--------+--------+--------+--------+--------+-----+--------+

Top non-repeatable levels by time:
     D:7: 1417 daAuts
     D:1: 1267 daAuts
     D:9: 1184 daAuts
  Lair:1: 1166 daAuts
  Lair:3: 1102 daAuts
     D:2: 1091 daAuts
  Lair:2: 1047 daAuts
  Lair:6: 1007 daAuts
  Lair:4: 931 daAuts
     D:6: 911 daAuts
     D:4: 801 daAuts
     D:3: 750 daAuts
     D:8: 737 daAuts
     D:5: 704 daAuts
  Lair:5: 568 daAuts
